 Dungeon Crawl Stone Soup version 0.25-a0-478-g33c61bd (webtiles) character file.

Game seed: 13726033925579155340, levelgen mode: deterministic

245 15 the Ruffian (level 5, -6/42 HPs)
             Began as a Draconian Transmuter on Feb 8, 2020.
             Mangled by a worm (10 damage)
             ... on level 4 of the Dungeon.
             The game lasted 00:09:48 (3070 turns).

15 the Ruffian (Draconian Transmuter)               Turns: 3070, Time: 00:09:49

Health: -6/42      AC:  6    Str: 13    XL:     5   Next: 83%
Magic:  9/9        EV: 13    Int: 13    God:
Gold:   149        SH:  0    Dex: 12    Spells: 3/9 levels left

rFire    . . .     SeeInvis .     - Unarmed
rCold    . . .     Gourm    .   (no shield)
rNeg     . . .     Faith    +   (armour unavailable)
rPois    .         Spirit   .   (helmet restricted)
rElec    .         Reflect  .   (no cloak)
rCorr    .         Harm     .   k - +0 pair of gloves
MR       .....                  (no boots)
Stlth    ++........             f - amulet of faith (curse)
HPRegen  0.14/turn              e - ring of stealth
MPRegen  0.11/turn              (no ring)

@: berserk cooldown, slowed, very slow
A: unfitting armour, sense surroundings 1, cold-blooded, AC +5
a: no special abilities


You were on level 4 of the Dungeon.
You were not hungry.

You visited 1 branch of the dungeon, and saw 4 of its levels.

You collected 149 gold pieces.

Inventory:

Missiles
 a - 49 arrows
Armour
 k - a +0 pair of gloves (worn)
Jewellery
 e - a ring of stealth (left hand)
 f - a cursed amulet of faith (around neck)
Wands
 d - a wand of paralysis (7)
Scrolls
 g - a scroll of fear
 j - a scroll of teleportation
Potions
 h - a potion of mutation
 i - a potion of heal wounds
 m - a potion of ambrosia
 n - a potion of lignification
 o - a potion of degeneration {unknown}
Comestibles
 c - 6 rations


   Skills:
 * Level 2.4 Fighting
 * Level 3.1 Dodging
 - Level 0.2 Stealth
 + Level 4.3 Unarmed Combat
 * Level 2.8 Spellcasting
 * Level 2.9 Transmutations
 * Level 0.5 Evocations


You had 3 spell levels left.
You knew the following spells:

 Your Spells              Type           Power        Failure   Level  Hunger
a - Beastly Appendage     Tmut           #.....       7%          1    #......
b - Sticks to Snakes      Tmut           #.......     11%         2    ###....
c - Spider Form           Tmut/Pois      #.........   36%         3    ###....

Your spell library contained the following spells:

 Spells                   Type           Power        Failure   Level  Hunger
 Ice Form                 Ice/Tmut       #.......     77%         4    #####..
 Blade Hands              Tmut           #.........   88%         5    ######.


Dungeon Overview and Level Annotations

Branches:
Dungeon (4/15)
 Temple: D:4-7

Altars:
Uskayaw
The Shining One


Innate Abilities, Weirdness & Mutations

Your plain brown scales are hard. (AC +5)
You cannot fit into any form of body armour.
You are cold-blooded and may be slowed by cold attacks.
You passively map a small area around you.


Message History

The orc priest is heavily wounded.
The orc priest invokes the aid of Beogh against you.
Pain shoots through your body!
* * * LOW HITPOINT WARNING * * *
You hit the orc priest.
The orc priest is severely wounded.
The orc priest hits you with a +0 flail.
* * * LOW HITPOINT WARNING * * *
You hit the orc priest.
Your tail-slap misses the orc priest.
The orc priest is almost dead.
The orc priest barely misses you.
You punch the orc priest!
You kill the orc priest!
You hit the worm.
The worm is lightly wounded.
The worm misses you.
You hit the worm.
The worm is moderately wounded.
The worm bites you!
You die...

* ....#.* .....#.##
..#.....# * , ........#
### , ,.......# ..# ,
#......# #.# .. , *
#...#####.###....
#....@w)Z........
#<..#####.###...>
#...#, ,#.###...., *
##.## #o.......
,...........oo.>.##.#..
, **
#######......##..#, ,
##.....# #w.. ##......
.... * ##...## ..#...*


You could see a worm and a jackal skeleton.

Vanquished Creatures
  2 orc priests
  An orc wizard (D:4)
  Robin (D:2)
  2 gnolls (D:3)
  3 adders
  2 oozes (D:2)
  2 worms
  2 dart slugs (D:1)
  4 leopard geckos
  6 orcs
  5 giant cockroaches
  10 goblins
  5 hobgoblins
  3 jackals (D:2)
  8 kobolds
  A ball python (D:2)
  5 bats
  3 frilled lizards
  4 rats
69 creatures vanquished.

Vanquished Creatures (collateral kills)
  A gnoll (D:3)
1 creature vanquished.

Grand Total: 70 creatures vanquished

Notes
Turn   | Place    | Note
-------+----------+-------------------------------------------
     0 | D:1      | 15 the Draconian Transmuter began the quest for the Orb.
     0 | D:1      | Reached XP level 1. HP: 16/16 MP: 3/3
   454 | D:1      | Reached XP level 2. HP: 21/23 MP: 3/5
   462 | D:1      | Learned a level 2 spell: Sticks to Snakes
   962 | D:2      | Identified the +4 helmet of Roisy {+Fly rElec Str+3}
   962 | D:2      | Noticed Robin
   988 | D:2      | Gained mutation: Your spells are a little harder to cast,
                  | but a little more powerful. [potion of mutation]
   988 | D:2      | Lost mutation: Your spells are a little harder to cast, but
                  | a little more powerful. [potion of mutation]
   988 | D:2      | Gained mutation: You passively map a small area around you.
                  | [potion of mutation]
   998 | D:2      | Killed Robin
   998 | D:2      | Reached XP level 3. HP: 15/29 MP: 4/6
  1209 | D:2      | Found a faded altar of an unknown god.
  1626 | D:2      | Reached XP level 4. HP: 34/36 MP: 7/7
  1631 | D:2      | Learned a level 3 spell: Spider Form
  2210 | D:3      | Reached skill level 4 in Unarmed Combat
  2332 | D:3      | Reached XP level 5. HP: 41/41 MP: 8/8
  2380 | D:3      | Found a hide-covered altar of Uskayaw.
  2380 | D:3      | Found a glowing golden altar of the Shining One.
  3070 | D:4      | Mangled by a worm

Levels and vault maps discovered:
D:1:      dpeg_arrival_water_temple_mockup, layout_basic, serial_forest,
          infiniplex_forest_straight_1, infiniplex_forest_lined_3,
          infiniplex_forest_lined_4_way, infiniplex_forest_clump_diagonal,
          chequers_serial_rivers_small_3
D:2:      layout_basic, chequers_ecumenical_altar_simple_redux, uniq_robin
D:3:      layout_loops_ring, gammafunk_temple_overflow_elements
D:4:      layout_rooms, lemuel_zombie_altar_kikubaaqudgha, minitemple,
          lemuel_doored_altar, skrybe_limestone_x, nrook_uturn,
          uniq_blork_the_orc, uniq_duvessa, uniq_pikel, uniq_menkaure

Skill      XL: |  1  2  3  4  5 |
---------------+----------------+-----
Dodging        | 2 3 |  3.1
Fighting       | 2 |  2.4
Unarmed Combat | 4 |  4.3
Stealth        | |  0.2
Spellcasting   | |  2.8
Transmutations | |  2.9
Evocations     | |  0.5

Action                   |  1- 3 |  4- 6 || total
-------------------------+-------+-------++-------
Melee: Unarmed           |   123 |   186 ||   309
       Tailslap          |    12 |    26 ||    38
       Kick              |     4 |    10 ||    14
       Headbutt          |     5 |     1 ||     6
       Punch             |     2 |       ||     2
 Cast: Beastly Appendage |     7 |    12 ||    19
       Sticks to Snakes  |       |     2 ||     2
  Use: Scroll            |     3 |     5 ||     8
       Potion            |     2 |     2 ||     4
 Stab: Sleeping          |     5 |     2 ||     7
  Eat: Chunk             |     2 |     6 ||     8
Armor: Skin              |    40 |    45 ||    85
Dodge: Dodged            |    75 |   101 ||   176

Table legend:
 A = Non-vault XP
 B = Vault XP
 C = Vault XP percentage of total XP
 D = Non-vault monster count
 E = Vault monster count
 F = Vault count percentage of total count
                 A         B        C        D         E       F
            +---------+---------+-------+---------+---------+-------
      Total |     320 |      30 |   8.6 |      62 |       8 |  11.4
            +---------+---------+-------+---------+---------+-------
        D:1 |      19 |       0 |   0.0 |       9 |       0 |   0.0
        D:2 |      66 |      30 |  31.2 |      25 |       8 |  24.2
        D:3 |     153 |       0 |   0.0 |      24 |       0 |   0.0
        D:4 |      82 |       0 |   0.0 |       4 |       0 |   0.0
            +---------+---------+-------+---------+---------+-------
